 Dungeon Crawl Stone Soup version 0.31.0-11-ge490571c62 (webtiles) character file.

Game seed: 23166550489665772

120 qw the Skirmisher (level 4, -1/25 HPs)
             Began as a Deep Elf Hunter on Feb 3, 2024.
             Shot with an arrow by a centaur (12 damage)
             ... on level 4 of the Dungeon.
             The game lasted 00:00:43 (2440 turns).

qw the Skirmisher (Deep Elf Hunter)                 Turns: 2440, Time: 00:00:43

Health: -1/25      AC: 10    Str: 10    XL:     4   Next: 75%
Magic:  6/6        EV: 11    Int: 14    God:
Gold:   77         SH:  0    Dex: 18    Spells: 3/3 levels left

rFire   . . .        a - +0 shortbow
rCold   . . .        (shield currently unavailable)
rNeg    . . .        k - +1 ring mail
rPois   .            (no helmet)
rElec   .            (no cloak)
rCorr   .            (no gloves)
SInv    +            (no boots)
Will    .....        (no amulet)
Stlth   +            h - ring of see invisible
HPRegen 0.24/turn    g - +4 ring of protection
MPRegen 0.10/turn

%: no passive effects
@: hasted, very quick
A: no striking features
a: no special abilities


You were on level 4 of the Dungeon.
You visited 1 branch of the dungeon, and saw 4 of its levels.

You collected 77 gold pieces.


   Skills:
 - Level 1.5 Fighting
 + Level 8.2 Ranged Weapons
 - Level 2.4 Dodging
 - Level 1.2 Stealth


You had 3 spell levels left.
You didn't know any spells.
Your spell library was empty.

Inventory:

Hand Weapons
 a - a +0 shortbow (weapon)
Armour
 k - a +1 ring mail (worn)
Jewellery
 c - a ring of fire
 g - a +4 ring of protection (right hand)
 h - a ring of see invisible (left hand)
 Y - a ring of protection from cold
Scrolls
 f - a scroll of teleportation
Potions
 b - a potion of curing
 d - a potion of brilliance {unknown}
 i - a potion of lignification {unknown}
 l - a potion of degeneration {unknown}
 m - a potion of mutation

Dungeon Overview and Level Annotations

Branches:
Dungeon (4/15)
 Temple: D:4-7

Altars:
Vehumet


Message History

Done exploring.
Done exploring.
2385 ||| DROPPING ring of wizardry.
You drop a ring of wizardry.
Done exploring.
2386 ||| READING scroll of identify.
2386 ||| IDENTIFYING grey potion
As you read the scroll of identify, it crumbles to dust.
b - a potion of curing Done exploring.
What level of the Dungeon? (default 3, ? - help)
There is an open door, spattered with blood here.
Items here: % )))) [[.
There is an open door here.
There is a stone staircase leading down here.
You climb downwards.
There is a stone staircase leading up here.
Waypoint 3 assigned to D:4.
A centaur comes into view.
2433 ||| DRINKING potion of haste.
You feel yourself speed up.
The centaur shouts!
You shoot an arrow.
The arrow hits the centaur but does no damage.
The centaur wields a +0 shortbow.
The centaur shoots an arrow.
The arrow closely misses you.
You shoot an arrow. The arrow barely misses the centaur.
The centaur shoots an arrow.
The arrow hits you.
You shoot an arrow. The arrow hits the centaur.
The centaur is moderately wounded.
The centaur shoots an arrow.
The arrow hits you.
You shoot an arrow. The arrow hits the centaur!
The centaur is severely wounded.
The centaur shoots an arrow.
The arrow hits you!
You shoot an arrow. The arrow hits the centaur.
The centaur is almost dead.
The centaur shoots an arrow.
The arrow barely misses you.
You shoot an arrow. The arrow barely misses the centaur.
The centaur shoots an arrow.
The arrow hits you but does no damage.
You shoot an arrow. The arrow closely misses the centaur.
The centaur shoots an arrow.
The arrow hits you!
You die... ######## #<...@.# ######.# c# .# .# .. ##

You could see a centaur.

Vanquished Creatures
  An orc wizard (D:3)
  An adder (D:2)
  2 dart slugs
  4 orcs (D:3)
  12 endoplasms
  2 giant cockroaches (D:2)
  2 goblins (D:1)
  5 hobgoblins
  9 jackals
  6 kobolds
  4 quokkas
  3 ball pythons
  9 bats
  5 frilled lizards
  4 rats
69 creatures vanquished.

Notes
Turn   | Place    | Note
-------+----------+-------------------------------------------
     0 | D:1      | qw the Deep Elf Hunter began the quest for the Orb.
     0 | D:1      | Reached XP level 1. HP: 12/12 MP: 3/3
     0 | D:1      | 0 ||| qw: Version: 0.3-a-155-g5e7d8dd
     0 | D:1      | 0 ||| qw: Game counter: 3531
     0 | D:1      | 0 ||| qw: Melee chars always use a shield: true
     0 | D:1      | 0 ||| qw: God list: Okawaru
     0 | D:1      | 0 ||| qw: Allow faded altars: false
     0 | D:1      | 0 ||| qw: Do Orc after clearing Dungeon:15 true
     0 | D:1      | 0 ||| qw: Do second Lair branch before Depths: true
     0 | D:1      | 0 ||| qw: Lair rune preference: random
     0 | D:1      | 0 ||| qw: Goals: Normal
     0 | D:1      | 0 ||| PLANNING D:1-11
   156 | D:1      | Reached XP level 2. HP: 16/16 MP: 4/4
   159 | D:1      | Reached skill level 6 in Ranged Weapons
   602 | D:1      | Reached XP level 3. HP: 20/20 MP: 5/5
   759 | D:1      | 759 ||| UPGRADING to +0 ring mail.
   769 | D:1      | 769 ||| DROPPING +0 leather armour.
   770 | D:1      | 770 ||| UPGRADING to ring of protection from cold.
   771 | D:1      | 771 ||| UPGRADING to +4 ring of protection.
   772 | D:1      | 772 ||| DROPPING ring of ice.
   773 | D:1      | 773 ||| READING 4 scrolls labelled WARGHI XEIDIKU.
   773 | D:1      | 773 ||| IDENTIFYING puce potion
   774 | D:1      | 774 ||| READING 3 scrolls of identify.
   774 | D:1      | 774 ||| IDENTIFYING bubbling coppery potion
   775 | D:1      | 775 ||| READING 2 scrolls of identify.
   775 | D:1      | 775 ||| IDENTIFYING cyan potion
   776 | D:1      | 776 ||| READING scroll of identify.
   776 | D:1      | 776 ||| IDENTIFYING bubbling emerald potion
   777 | D:1      | 777 ||| READING scroll labelled JUMENGAWNITH.
   777 | D:1      | 777 ||| ENCHANTING +0 ring mail.
   778 | D:1      | 778 ||| DROPPING scroll of butterflies.
   779 | D:1      | 779 ||| DROPPING potion of attraction.
   780 | D:1      | 780 ||| DROPPING potion of ambrosia.
  1007 | D:2      | Reached skill level 7 in Ranged Weapons
  1690 | D:2      | 1690 ||| UPGRADING to ring of see invisible.
  1692 | D:2      | 1692 ||| READING scroll labelled XOKHLE TENOAFIA.
  1693 | D:2      | 1693 ||| READING scroll labelled YTSO HAUMESHA.
  1717 | D:3      | Reached XP level 4. HP: 25/25 MP: 6/6
  1757 | D:3      | Found a radiant altar of Vehumet.
  1886 | D:3      | 1886 ||| FLEEEEING.
  1887 | D:3      | 1887 ||| FLEEEEING.
  1970 | D:3      | Reached skill level 8 in Ranged Weapons
  2385 | D:3      | 2385 ||| DROPPING ring of wizardry.
  2386 | D:3      | 2386 ||| READING scroll of identify.
  2386 | D:3      | 2386 ||| IDENTIFYING grey potion
  2432 | D:4      | Noticed a centaur
  2433 | D:4      | 2433 ||| DRINKING potion of haste.
  2440 | D:4      | Shot with an arrow by a centaur

Levels and vault maps discovered:
D:1:      lightli_arrival_quake, layout_basic, chequers_serial_rivers_micro_b,
          minmay_misc_feat_encased, nicolae_twisty_statue_hallways
D:2:      layout_basic
D:3:      layout_basic, fiery_altar_vehumet,
          nicolae_concentric_dashed_squares_mild, minmay_box_of_dots
D:4:      minmay_angry_zag, layout_basic, kennysheep_mini_moat,
          mainiacjoe_overflow_boulevard, ebering_ghost_inner_flame,
          nicolae_zen_rock_garden

Skill      XL: |  1  2  3  4 |
---------------+-------------+-----
Ranged Weapons | 6 7 8 |  8.2
Fighting       | |  1.5
Dodging        | |  2.4
Stealth        | |  1.2

Action                     |  1- 3 |  4- 6 || total
---------------------------+-------+-------++-------
   Fire: Shortbow          |   142 |    59 ||   201
    Use: Scroll            |     7 |     1 ||     8
         Potion            |       |     1 ||     1
 Armour: Leather armour    |     7 |       ||     7
         Ring mail         |    38 |    18 ||    56
  Dodge: Dodged            |    41 |     9 ||    50

Table legend:
 A = Non-vault XP
 B = Vault XP
 C = Vault XP percentage of total XP
 D = Non-vault monster count
 E = Vault monster count
 F = Vault count percentage of total count
                 A         B        C        D         E       F
            +---------+---------+-------+---------+---------+-------
      Total |     167 |       5 |   2.9 |      66 |       3 |   4.3
            +---------+---------+-------+---------+---------+-------
        D:1 |      45 |       0 |   0.0 |      26 |       0 |   0.0
        D:2 |      46 |       0 |   0.0 |      18 |       0 |   0.0
        D:3 |      76 |       5 |   6.2 |      22 |       3 |  12.0
            +---------+---------+-------+---------+---------+-------
